 Dungeon Crawl Stone Soup version 0.21.1-1-g345015f (webtiles) character file.

616 iamserjio the Ducker (level 7, -4/49 HPs)
             Began as an Octopode Monk on Apr 7, 2018.
             Was a Priest of Dithmenos.
             Slain by a two-headed ogre
             ... wielding a +0 giant spiked club
              (9 damage)
             ... on level 7 of the Dungeon.
             The game lasted 00:13:39 (3972 turns).

iamserjio the Ducker (Octopode Monk)                Turns: 3972, Time: 00:13:40

Health: -4/49      AC:  1    Str: 10    XL:     7   Next: 45%
Magic:  7/7        EV: 16    Int: 12    God:    Dithmenos [***...]
Gold:   190        SH:  5    Dex: 17    Spells: 6/6 levels left

rFire    . . .     SeeInvis .   a - +0 short sword
rCold    . . .     Gourm    .   o - +0 buckler
rNeg     . . .     Faith    .   (helmet restricted)
rPois    .         Spirit   .   (no amulet)
rElec    .         Reflect  .   (no ring)
rCorr    .         Harm     .   (no ring)
MR       .....                  (no ring)
Stlth    +++++.....             (no ring)
HPRegen  0.16/turn              (no ring)
MPRegen  0.10/turn              (no ring)
                                (no ring)
                                (no ring)

@: slowed, wreathed by umbra, very slow
A: almost no armour, stealthy swim, amphibious, 8 rings, constrict 8, camouflage
1, gelatinous body 1
a: Shadow Step, Renounce Religion


You were on level 7 of the Dungeon.
You worshipped Dithmenos.
Dithmenos was most pleased with you.
You were hungry.

You visited 1 branch of the dungeon, and saw 7 of its levels.

You collected 190 gold pieces.

Inventory:

Hand Weapons
 a - a +0 short sword (weapon)
 j - a +2 mace of crushing
Armour
 o - a +0 buckler (worn)
Jewellery
 d - an uncursed ring of wizardry {unknown}
 f - an uncursed ring of protection from fire {unknown}
 s - an uncursed ring of ice {unknown}
 u - an uncursed amulet of guardian spirit {unknown}
Scrolls
 c - 8 scrolls of remove curse {unknown}
 e - a scroll of magic mapping {unknown}
 g - 5 scrolls of identify {unknown}
 h - 2 scrolls of blinking {unknown}
 m - a scroll of fear {unknown}
 n - a scroll of amnesia {unknown}
 p - a scroll of enchant armour {unknown}
 r - 3 scrolls of teleportation {unknown}
 w - a scroll of immolation {unknown}
Potions
 i - 2 potions of haste {unknown}
 k - a potion of might {unknown}
 l - a potion of curing {unknown}
 q - 2 potions of heal wounds {unknown}
 t - 2 potions of degeneration {unknown}
Comestibles
 b - 8 rations
 v - 5 chunks of flesh


   Skills:
 + Level 4.4 Fighting
 + Level 4.4 Short Blades
 * Level 5.3 Dodging
 + Level 5.3 Stealth
 + Level 2.6 Shields


You had 6 spell levels left.
You didn't know any spells.

Dungeon Overview and Level Annotations

Branches:
Dungeon (7/15)
 Temple: D:4-7

Altars:
Dithmenos
Fedhas
Gozag
Kikubaaqudgha
Makhleb
Qazlal
Sif Muna
Trog
Wu Jian

Shops:
D:5 [

Annotations:
D:3 glosham's ghost, weakling OpBe
D:5 Mirai's ghost, novice DsFi
D:6 Tiareth's ghost, novice DEWz


Innate Abilities, Weirdness & Mutations

You cannot wear most types of armour.
You are very stealthy in the water. (Stealth+)
You are amphibious.
You can wear up to eight rings at the same time.
You can use your tentacles to constrict eight enemies at once.
Your skin changes colour to match your surroundings (Stealth+).
Your rubbery body absorbs attacks. (AC +1, EV +1)


Message History

Tiareth's ghost misses you.
You climb downwards.
There is a stone staircase leading up here.
A two-headed ogre comes into view.
It is wielding a giant spiked club and a giant club.
Found 18 gold pieces.
The helpless two-headed ogre fails to defend itself.
You impale the two-headed ogre!!
The two-headed ogre is heavily wounded.
The two-headed ogre closely misses you. The two-headed ogre misses you.
You barely miss the two-headed ogre.
The two-headed ogre is heavily wounded.
The two-headed ogre hits you with a giant spiked club!!
The two-headed ogre hits you with a giant club!!
* * * LOW HITPOINT WARNING * * *
The two-headed ogre barely misses you. x2
You hit the two-headed ogre but do no damage.
The two-headed ogre is heavily wounded.
The two-headed ogre completely misses you.
The two-headed ogre hits you with a giant club!
You die...

.#
#######..#
#........#
#.#<....##
#.########.#
#....@O....#
#.......####
#.#####.#
#.# #$# #.#
#.. #.# ####
#.# #.


You could see a two-headed ogre.

Vanquished Creatures
  2 phantoms (D:4)
  A bullfrog (D:3)
  A jelly (D:6)
  Crazy Yiuf (D:3)
  An orc priest (D:3)
  An iguana (D:6)
  3 orc wizards
  A hound zombie (D:5)
  A hound skeleton (D:6)
  A worker ant zombie (D:6)
  A howler monkey skeleton (D:4)
  5 adders
  2 worms
  A dart slug (D:1)
  3 leopard geckos
  11 orcs
  6 giant cockroaches
  6 goblins
  4 hobgoblins
  2 jackals (D:2)
  3 quokkas
  2 ball pythons (D:2)
  4 bats
  2 frilled lizards
  3 kobolds
  4 rats
72 creatures vanquished.

Vanquished Creatures (others)
  An orc priest (D:7)
  An iguana (D:7)
2 creatures vanquished.

Grand Total: 74 creatures vanquished

Notes
Turn   | Place    | Note
-------+----------+-------------------------------------------
     0 | D:1      | iamserjio the Octopode Monk began the quest for the Orb.
     0 | D:1      | Reached XP level 1. HP: 16/16 MP: 1/1
   176 | D:1      | Reached XP level 2. HP: 19/21 MP: 2/2
   801 | D:2      | Found an ancient bone altar of Kikubaaqudgha.
   803 | D:2      | Found a stormy altar of Qazlal.
   803 | D:2      | Found a shadowy altar of Dithmenos.
   803 | D:2      | Found a bloodstained altar of Trog.
   804 | D:2      | Found an opulent altar of Gozag.
   804 | D:2      | Found an ornate altar of the Wu Jian Council.
   804 | D:2      | Found a blossoming altar of Fedhas.
   804 | D:2      | Found a burning altar of Makhleb.
   814 | D:2      | Became a worshipper of Dithmenos the Shadowed
   814 | D:2      | Reached * piety under Dithmenos
   814 | D:2      | Reached ** piety under Dithmenos
   877 | D:2      | Reached XP level 3. HP: 26/26 MP: 3/3
  1519 | D:3      | Noticed a bullfrog
  1524 | D:3      | Killed a bullfrog
  1524 | D:3      | Reached skill level 1 in Shields
  1524 | D:3      | Reached XP level 4. HP: 28/32 MP: 4/4
  1529 | D:3      | Reached XP level 5. HP: 26/36 MP: 5/5
  1545 | D:3      | Noticed glosham's ghost (weakling OpBe)
  2084 | D:3      | Found a runed door.
  2097 | D:3      | Noticed Crazy Yiuf
  2101 | D:3      | Killed Crazy Yiuf
  2196 | D:3      | Found a deep blue altar of Sif Muna.
  2256 | D:3      | Reached XP level 6. HP: 36/43 MP: 6/6
  2524 | D:4      | Noticed a phantom
  2561 | D:4      | Killed a phantom
  2873 | D:5      | Entered Level 5 of the Dungeon
  3005 | D:4      | Noticed a phantom
  3182 | D:4      | Killed a phantom
  3182 | D:4      | Reached XP level 7. HP: 37/48 MP: 7/7
  3376 | D:5      | Reached skill level 5 in Dodging
  3376 | D:5      | Reached skill level 5 in Stealth
  3630 | D:5      | Found Mausidet's Armour Shoppe.
  3699 | D:5      | Noticed Mirai's ghost (novice DsFi)
  3816 | D:6      | Noticed Tiareth's ghost (novice DEWz)
  3849 | D:6      | Reached *** piety under Dithmenos
  3961 | D:7      | Noticed a two-headed ogre
  3972 | D:7      | Slain by a two-headed ogre

Skill      XL: |  1  2  3  4  5  6  7 |
---------------+----------------------+-----
Stealth        | 3 4 5 |  5.3
Shields        | 1 2 |  2.6
Dodging        | 4 5 |  5.3
Fighting       | 4 |  4.4
Short Blades   | 4 |  4.4

Action                   |  1- 3 |  4- 6 |  7- 9 || total
-------------------------+-------+-------+-------++-------
Melee: Short sword       |    59 |    86 |    59 ||   204
       Constrict         |    10 |    17 |    13 ||    40
       Tentacles         |    10 |    20 |     9 ||    39
 Stab: Sleeping          |     8 |     5 |     7 ||    20
  Eat: Chunk             |     2 |     4 |     3 ||     9
Armor: Skin              |     2 |     3 |     1 ||     6
Dodge: Dodged            |    32 |    63 |    34 ||   129
Block: Buckler           |       |     2 |     9 ||    11
